 Dungeon Crawl Stone Soup version 0.26.1-2-gb8aa6d0cf2 (webtiles) character file.

Game seed: 7491735241760549117

652631 Gadfly the Bringer of Light (level 27, -1/184 HPs)
             Began as a Gargoyle Fighter on Feb 17, 2021.
             Was the Champion of the Shining One.
             Slain by a Killer Klown
             ... wielding a +9 club of venom
              (2 damage)
             ... on level 5 of the Realm of Zot on Feb 18, 2021.
             The game lasted 03:49:47 (91067 turns).

Gadfly the Bringer of Light (Gargoyle Fighter)     Turns: 91067, Time: 03:49:48

Health: -1/184     AC: 65    Str: 21 (22) XL:     27
Magic:  34/34      EV:  8    Int: 12 (14) God:    the Shining One [******]
Gold:   6706       SH: 23    Dex: 13 (14) Spells: 18/26 levels left

rFire    + + +     SeeInvis +   a - +9 eveningstar (flame)
rCold    + + +     Faith    .   Q - +2 shield of Resistance {rF++ rC++ Will++}
rNeg     + + +     Spirit   .   r - +6 gold dragon scales
rPois    ∞         Reflect  +   p - +1 helmet {SInv}
rElec    +         Harm     .   W - +3 cloak "Cidineig" {Dex+4}
rCorr    +         Rampage  .   m - +1 pair of gloves
Will     +++++     Clarity  +   A - +2 pair of boots {Stlth+}
Stlth    ..........             I - amulet of reflection
HPRegen  0.00/turn              i - ring "Ekuch" {+Blink Will+++ rCorr Str-5 Slay+5}
MPRegen  0.24/turn              o - +4 ring of slaying

@: no potions, flying, glowing
A: big wings, hooves 1, clarity, low mp 1, negative energy resistance 1, sense
surroundings 1, electricity resistance, inhibited regeneration, unbreathing,
petrification resistance, miasma immunity, AC +20
}: 3/15 runes: barnacled, silver, gossamer
a: Stop Flying, Renounce Religion, Evoke Blink, Divine Shield, Cleansing Flame,
Summon Divine Warrior


You were on level 5 of the Realm of Zot.
You worshipped the Shining One.
The Shining One was exalted by your worship.
You visited 11 branches of the dungeon, and saw 51 of its levels.
You visited the Abyss 1 time.
You also visited: Trove, Sewer, Ossuary, Gauntlet and Wizlab.

You collected 9058 gold pieces.
You spent 2352 gold pieces at shops.

Inventory:

Hand Weapons
 a - a +9 eveningstar of flaming (weapon)
 b - a +5 sacred scourge of holy wrath
Armour
 m - a +1 pair of gloves (worn)
 p - a +1 helmet of see invisible (worn)
 r - +6 gold dragon scales (worn)
 A - a +2 pair of boots of stealth (worn)
 Q - the +2 shield of Resistance (worn) {rF++ rC++ Will++}
   (You acquired it on level 3 of the Shoals)

   It greatly protects you from fire.
   It greatly protects you from cold.
   It affects your willpower, your defense against some magical effects.
 W - the +3 cloak "Cidineig" (worn) {Dex+4}
   (You found it on level 2 of the Elven Halls)

   It affects your dexterity (+4).
Jewellery
 c - the ring of Ucoaji {rPois rF+ rC+ Str+7}
   (You found it on level 4 of the Shoals)

   [ring of protection from cold]

   It affects your strength (+7).
   It protects you from fire.
   It protects you from cold.
   It protects you from poison.
 i - the ring "Ekuch" (left hand) {+Blink Will+++ rCorr Str-5 Slay+5}
   (You found it on level 4 of the Depths)

   [ring of resist corrosion]

   It affects your strength (-5).
   It affects your accuracy and damage with ranged weapons and melee attacks
   (+5).
   It affects your willpower, your defense against some magical effects.
   It lets you blink.
   It provides partial protection from all sources of acid and corrosion.
 o - a +4 ring of slaying (right hand)
 I - an amulet of reflection (around neck)
 N - an uncursed ring of resist corrosion
 S - the ring of Symmetry {rF++ Will+ Int+6 Stlth-}
   (You found it on level 2 of the Abyss)

   [ring of willpower]

   It affects your intelligence (+6).
   It greatly protects you from fire.
   It affects your willpower, your defense against some magical effects.
   It makes you less stealthy.
Wands
 v - a wand of paralysis (56) (quivered)
 w - a wand of iceblast (54)
 x - a wand of polymorph (27)
 D - a wand of acid (14)
 G - a wand of enslavement (45)
 J - a wand of disintegration (25)
 Y - a wand of digging (17)
Scrolls
 e - 4 scrolls of teleportation
 f - a scroll of summoning
 g - 25 scrolls of remove curse
 j - 7 scrolls of holy word
 n - 5 scrolls of blinking
 u - 9 scrolls of fear
 z - 4 scrolls of fog
 B - 3 scrolls of magic mapping
 E - 21 scrolls of identify
 M - a scroll of enchant weapon
 O - 2 scrolls of silence
 P - a scroll of brand weapon
Potions
 d - 10 potions of might
 h - 12 potions of haste
 k - 7 potions of mutation
 l - a potion of berserk rage
 q - 9 potions of ambrosia
 s - 18 potions of curing
 C - a potion of cancellation
 F - 3 potions of resistance
 H - 2 potions of heal wounds
Miscellaneous
 t - a phial of floods
 y - a phantom mirror
 K - a phial of floods
 L - a box of beasts
 R - a tin of tremorstones (2/2)
 U - a lightning rod (4/4)


   Skills:
 * Level 21.7 Fighting
 + Level 20.7 Maces & Flails
 * Level 21.9 Armour
 - Level 5.6 Dodging
 * Level 21.8 Shields
 * Level 22.0 Invocations
 * Level 20.0 Evocations


You had 18 spell levels left.
You knew the following spells:

 Your Spells              Type           Power        Failure   Level
a - Swiftness             Air            0%           100%        2
b - Blink                 Tloc           N/A          100%        2
c - Wereblood             Tmut           0%           100%        2
d - Passwall              Tmut/Erth      0%           100%        2

Your spell library contained the following spells:

 Spells                   Type           Power        Failure   Level
 Animate Skeleton         Necr           0%           99%         1
 Apportation              Tloc           0%           99%         1
 Beastly Appendage        Tmut           0%           99%         1
 Corona                   Hex            0%           99%         1
 Foxfire                  Conj/Fire      0%           99%         1
 Magic Dart               Conj           0%           99%         1
 Sandblast                Erth           0%           99%         1
 Shock                    Conj/Air       0%           99%         1
 Sting                    Tmut/Pois      0%           99%         1
 Summon Small Mammal      Summ           0%           99%         1
 Call Imp                 Summ           0%           100%        2
 Corpse Rot               Necr/Air       N/A          100%        2
 Ensorcelled Hibernation  Hex/Ice        0%           100%        2
 Poisonous Vapours        Pois/Air       0%           100%        2
 Searing Ray              Conj           0%           100%        2
 Call Canine Familiar     Summ           0%           100%        3
 Confusing Touch          Hex            0%           100%        3
 Dazzling Flash           Conj/Hex       0%           100%        3
 Gell's Gravitas          Tloc           0%           100%        3
 Ignite Poison            Fire/Tmut/Pois 0%           100%        3
 Inner Flame              Hex/Fire       0%           100%        3
 Lesser Beckoning         Tloc           0%           100%        3
 Mephitic Cloud           Conj/Pois/Air  0%           100%        3
 Spider Form              Tmut/Pois      0%           100%        3
 Static Discharge         Conj/Air       0%           100%        3
 Stone Arrow              Conj/Erth      0%           100%        3
 Summon Guardian Golem    Hex/Summ       0%           100%        3
 Teleport Other           Tloc           0%           100%        3
 Tukima's Dance           Hex            0%           100%        3
 Airstrike                Air            0%           100%        4
 Cause Fear               Hex            0%           100%        4
 Fulminant Prism          Conj/Hex       0%           100%        4
 Ice Form                 Ice/Tmut       0%           100%        4
 Iskenderun's Mystic Bla  Conj/Tloc      0%           100%        4
 Olgreb's Toxic Radiance  Pois           0%           100%        4
 Passage of Golubria      Tloc           N/A          100%        4
 Petrify                  Tmut/Erth      0%           100%        4
 Summon Ice Beast         Ice/Summ       0%           100%        4
 Summon Lightning Spire   Summ/Air       0%           100%        4
 Alistair's Intoxication  Tmut/Pois      0%           100%        5
 Blade Hands              Tmut           0%           100%        5
 Bolt of Magma            Conj/Fire/Erth 0%           100%        5
 Fireball                 Conj/Fire      0%           100%        5
 Irradiate                Conj/Tmut      0%           100%        5
 Lee's Rapid Deconstruct  Erth           0%           100%        5
 Lightning Bolt           Conj/Air       0%           100%        5
 Metabolic Englaciation   Hex/Ice        0%           100%        5
 Summon Demon             Summ           0%           100%        5
 Summon Forest            Summ/Tloc      0%           100%        5
 Yara's Violent Unravell  Hex/Tmut       0%           100%        5
 Eringya's Noxious Bog    Tmut/Pois      0%           100%        6
 Hydra Form               Tmut           0%           100%        6
 Starburst                Conj/Fire      0%           100%        6
 Dragon Form              Tmut           0%           100%        7
 Malign Gateway           Summ/Tloc      0%           100%        7
 Orb of Destruction       Conj           0%           100%        7
 Spellforged Servitor     Conj/Summ      0%           100%        7
 Summon Hydra             Summ           0%           100%        7
 Discord                  Hex            0%           100%        8
 Ignition                 Fire           0%           100%        8
 Dragon's Call            Summ           0%           100%        9
 Sublimation of Blood     Necr           Unusable     N/A         2

Dungeon Overview and Level Annotations

Branches:
Dungeon (15/15)            Temple (1/1) D:4            Lair (6/6) D:9
 Shoals (4/4) Lair:4       Spider (4/4) Lair:4        Slime (1/5) Lair:6
    Orc (2/2) D:9             Elf (3/3) Orc:2        Vaults (5/5) D:14
  Crypt (0/3) Vaults:2     Depths (5/5) D:15            Zot (5/5) Depths:5
  Sewer (visited)         Ossuary (visited)          WizLab (visited)
Gauntlet (visited)

Altars:
Ashenzari
Cheibriados
Dithmenos
Elyvilon
Fedhas
Gozag
Hepliaklqana
Kikubaaqudgha
Makhleb
Nemelex Xobeh
Okawaru
Qazlal
Ru
Sif Muna
Trog
Uskayaw
Vehumet
Wu Jian
Xom
Yredelemnul
Zin
The Shining One
Beogh

Shops:
D:5 *   D:6 =   D:9 *   Orc:1 :   Orc:2 [(**:   Elf:1 (   Shoals:1 *
Shoals:3 *   Vaults:1 (:   Depths:3 ?[?

Portals:
Hell: Depths:1 Depths:2 Depths:3 Depths:4 Depths:5
Abyss: Depths:4 Depths:5
Pandemonium: Depths:3
Ziggurat: Depths:1

Annotations:
Depths:4 3 runed translucent doors


Innate Abilities, Weirdness & Mutations

You are resistant to torment.
Your stone body is resilient. (AC +20)
You are immune to poison.
Your large and strong wings let you fly indefinitely.
You resist negative energy. (rN+)
You are resistant to electric shocks. (rElec)
You can survive without breathing.
You are immune to petrification.
You are immune to miasma.
You have large cloven feet.
You possess an exceptional clarity of mind.
Your magical capacity is low. (-10% MP)
You passively map a small area around you.
You do not regenerate when monsters are visible.


Message History

Press: ? - help, Dir - move target
Okay, then.
The Killer Klown pies you viciously! The klown pie hits you!!
Lemon!
You feel your inability to drink will last longer.
The Shining One protects you from harm!
The Killer Klown wrestles you with a +8 club of freezing.
* * * LOW HITPOINT WARNING * * *
You puncture the Killer Klown! You burn the Killer Klown.
The Killer Klown is heavily wounded.
You block the Killer Klown's attack.
You impale the Killer Klown!! You burn the Killer Klown.
The Killer Klown is severely wounded.
The Killer Klown blinks!
You cannot drink potions in your current state!
The Killer Klown says, "Trust me, I'm a doctor."
The Killer Klown blinks! x2
The Killer Klown blinks! x2
The Killer Klown prods you with a +9 club of venom.
You die...

,, ##....##)....§. ^ *
##########...###..§..... ,
...............###..p......
#.............## #.........
, #.X...........#
#..^...p.. #..........§##
#......... #...........#
#......... ##...........##
#^........ ,
#.........@..p# *#........
#........p....# #....... *
#.^.............# #......
▓########§######## ######
.......##.# * * #....# , *
#.#####.######. , ##
#.............. * * ,
.#########'######.


You could see 2 Killer Klowns.

Vanquished Creatures
  An orb of fire (Zot:4)
  The ghost of Per Qanud the Imperceptible, a legendary GnSk of Dithmenos (Zot:2)
  A juggernaut (Depths:3)
  2 ancient liches (Zot:5)
  The ghost of Dameikh the Hoplite, a veteran FoFi of Nemelex Xobeh (Depths:5)
  Margery (Vaults:3)
  Bai Suzhen (Depths:1)
  6 Killer Klowns
  4 caustic shrikes
  Nikola (Spider:4)
  7 golden dragons
  2 electric golems
  6 liches
  9 Orb Guardians (Zot:5)
  8 tentacled monstrosities
  Asterion (Depths:3)
  3 titans
  2 deep elf blademasters (Elf:3)
  7 quicksilver dragons
  4 deep elf master archers (Elf:3)
  6 death cobs
  A kraken (Shoals:4)
  6 acid blobs
  2 ancient champions
  7 sphinxes
  Donald (Lair:4)
  3 draconian monks
  Kirke (Shoals:1)
  10 storm dragons
  6 shadow dragons
  9 tengu reavers
  4 iron dragons
  6 azure jellies
  10 fire giants
  7 frost giants
  17 vault wardens
  4 draconian knights (Zot:1)
  8 deep elf elementalists
  A balrug (Depths:2)
  Aizul (Spider:2)
  4 deep elf sorcerers
  The ghost of Sina Ilium the Warrior, a journeyman DrWn of Xom (Spider:3)
  5 ghost moths
  2 draconian scorchers
  3 draconian stormcallers
  10 emperor scorpions
  Louise (Spider:4)
  2 draconian shifters
  3 spriggan defenders
  5 draconian annihilators
  31 stone giants
  9 ironheart preservers
  A war gargoyle (Vaults:5)
  30 very ugly things
  2 vampire knights
  7 deep elf demonologists
  5 black draconians
  13 white draconians
  4 spark wasps (Depths:3)
  10 deep elf annihilators
  13 green draconians
  12 purple draconians
  4 red draconians
  Azrael (Spider:1)
  7 yellow draconians
  A minotaur (Gauntlet)
  The ghost of choppeddingle the Cleaver, a journeyman DDFi of Dithmenos (Shoals:1)
  4 entropy weavers
  7 ettins
  An eidolon (Vaults:2)
  Snorg (D:11)
  A green death (Gauntlet)
  14 deep elf death magi
  9 fire dragons
  A blizzard demon (Abyss:2)
  3 merfolk javelineers
  2 death oozes (Depths:1)
  22 yaktaur captains
  7 deep elf high priests
  3 jiangshi (Depths:5)
  5 merfolk impalers
  7 rakshasas
  7 great orbs of eyes
  35 vault guards
  7 ice dragons
  A ghost crab (Gauntlet)
  8 boulder beetles
  12 hydras
  5 catoblepae
  3 alligator snapping turtles
  10 merfolk avatars
  13 centaur warriors
  69 two-headed ogres
  22 ogre magi
  3 spriggan air magi (Depths:5)
  30 dancing weapons
  5 merfolk aquamancers
  12 tengu warriors
  10 deep troll shamans
  11 death yaks
  2 satyrs
  8 deep troll earth magi
  2 vampire magi
  6 spriggan berserkers
  2 orc high priests
  3 sun demons
  15 hell knights
  6 thrashing horrors
  3 wretched stars (Abyss:3)
  Nergalle (Orc:2)
  31 deep elf knights
  6 skeletal warriors
  The ghost of Diabellus the Geomancer, a novice GrEE of Vehumet (Orc:1)
  2 shadow wraiths (Vaults:4)
  3 flayed ghosts
  32 deep trolls
  3 unseen horrors
  5 iron trolls
  20 sea snakes
  An unseen horror (shapeshifter) (Vaults:3)
  A glowing orange brain (Vaults:1)
  13 deep elf archers
  An obsidian statue (Shoals:1)
  19 ironbrand convokers
  51 wolf spiders
  A phantasmal warrior (Vaults:3)
  A tengu zombie (Depths:2)
  15 harpies
  A sphinx zombie (Vaults:1)
  9 necromancers
  16 orc knights
  8 wizards
  81 ugly things
  Pikel (D:9)
  An oklob plant (Lair:6)
  A frost giant zombie (Vaults:4)
  2 shadow dragon zombies
  83 deep elf magi
  15 fauns
  7 orc sorcerers
  22 orb spiders
  16 manticores
  A salamander (shapeshifter) (Depths:2)
  4 elephants (Lair:2)
  A salamander (Depths:4)
  9 merfolk sirens
  15 cyclopes
  A worldbinder (Abyss:3)
  A moth of wrath (shapeshifter) (Depths:2)
  2 fire giant skeletons
  6 black mambas
  14 moths of wrath
  A human skeleton (Vaults:4)
  A water nymph (shapeshifter) (Elf:2)
  7 water nymphs
  2 ice statues (Shoals:3)
  An orange demon (Abyss:2)
  An eye of devastation (Lair:6)
  15 vault sentinels
  A torpor snail (Spider:3)
  3 gargoyles
  2 smoke demons
  2 cane toads (shapeshifter)
  A torpor snail (shapeshifter) (Depths:4)
  30 cane toads
  An efreet (D:15)
  53 yaktaurs
  A komodo dragon (shapeshifter) (Depths:2)
  A spriggan zombie (Depths:2)
  A spectral redback (Spider:3)
  10 komodo dragons
  3 rime drakes
  8 freezing wraiths
  24 demonic crawlers
  2 red devils (Depths:4)
  A hellwing (Abyss:2)
  An ice devil (Abyss:3)
  An ancient zyme (Abyss:2)
  8 tengu conjurers
  41 merfolk
  A tyrant leech (shapeshifter) (Depths:3)
  34 jumping spiders
  A wolf spider simulacrum (Spider:3)
  8 trolls
  3 wind drakes
  A jumping spider (shapeshifter) (Vaults:4)
  A spectral moth of wrath (Spider:3)
  A polar bear (shapeshifter) (D:14)
  7 dream sheep
  A blink frog (shapeshifter) (Depths:2)
  19 blink frogs
  63 slime creatures
  21 hornets
  A fire giant simulacrum (Vaults:5)
  18 snapping turtles
  A boulder beetle zombie (Vaults:1)
  A dream sheep (shapeshifter) (Depths:3)
  A frost giant simulacrum (Vaults:1)
  A spriggan skeleton (Depths:2)
  72 redbacks
  8 spriggans
  Sigmund (D:3)
  A spriggan simulacrum (Depths:2)
  2 centaur simulacra (D:15)
  18 water elementals
  40 tarantellas
  4 wraiths
  3 ynoxinuls (Abyss:3)
  Eustachio (D:5)
  A hog (Lair:4)
  5 air elementals
  61 yaks
  6 vampires
  A yak (shapeshifter) (Depths:2)
  5 basilisks
  Grum (D:11)
  6 large abominations
  3 wyverns
  3 golden eyes (Slime:1)
  11 fire elementals
  2 neqoxecs (Abyss:3)
  A basilisk (shapeshifter) (Elf:3)
  5 two-headed ogre zombies (WizLab)
  A chaos spawn (Abyss:3)
  A redback simulacrum (Spider:3)
  3 small abominations
  9 ogre zombies
  6 vampire mosquitoes
  An emperor scorpion simulacrum (Spider:3)
  A soldier ant (shapeshifter) (Depths:5)
  Edmund (D:5)
  A soldier ant (D:13)
  Duvessa (D:4)
  3 acid dragons
  11 wargs
  12 water moccasins
  2 floating eyes
  3 hell hounds
  A jumping spider simulacrum (Spider:3)
  49 orc warriors
  3 eyes of draining
  A spectral hornet (Spider:3)
  4 ice beasts
  An ice beast (shapeshifter) (Vaults:3)
  2 tarantella simulacra (Spider:3)
  5 sky beasts
  2 black bears
  42 ogres
  A necrophage (D:14)
  3 phantoms
  30 wolves
  6 boggarts
  28 centaurs
  A lemure (D:9)
  5 big kobolds
  An elf zombie (Ossuary)
  29 bullfrogs
  4 gnoll sergeants
  Dowan (D:4)
  2 earth elementals
  An elf simulacrum (Vaults:1)
  3 wyvern skeletons
  A hornet simulacrum (Spider:3)
  7 troll zombies (WizLab)
  6 killer bees
  32 scorpions
  12 wights
  3 howler monkeys (D:12)
  10 electric eels
  A gnoll shaman (D:6)
  2 human simulacra (Vaults:2)
  2 quasits
  4 centaur zombies
  5 human zombies
  15 jellies
  10 hounds
  41 orc wizards
  29 orc priests
  4 centaur skeletons
  A bullfrog skeleton (D:11)
  5 iguanas
  Ijyb (D:3)
  14 worker ants
  A polar bear simulacrum (Lair:5)
  3 yak simulacra (Lair:5)
  A killer bee zombie (D:8)
  6 wolf simulacra (Lair:5)
  A big kobold zombie (Ossuary)
  A hound zombie (D:5)
  2 mummies (Ossuary)
  16 gnolls
  19 adders
  7 river rats
  A shadow imp (D:6)
  3 white imps
  5 ufetubi
  5 oozes
  3 adder zombies (Ossuary)
  An adder skeleton (D:4)
  2 worms
  2 dart slugs
  5 leopard geckos
  106 orcs
  3 giant cockroaches
  5 goblins
  13 hobgoblins
  6 jackals
  11 quokkas
  6 ball pythons
  7 bats
  11 frilled lizards
  7 hobgoblin zombies (Ossuary)
  A jackal skeleton (D:4)
  2 jackal zombies
  38 kobolds
  9 kobold zombies (Ossuary)
  9 orc zombies (Ossuary)
  A quokka skeleton (D:4)
  26 rats
  4 rat zombies
  A river rat simulacrum (Lair:5)
  A bush (D:12)
  2 crawling corpses (Elf:3)
  A tentacle (Shoals:4)
2794 creatures vanquished.

Vanquished Creatures (collateral kills)
  An orc warlord (Orc:1)
  4 dancing weapons (Elf:2)
  A deep elf mage (Elf:2)
  A jumping spider (Spider:4)
7 creatures vanquished.

Vanquished Creatures (others)
  An ancient lich (WizLab)
  A spark wasp (Depths:4)
  A fire dragon (shapeshifter) (Vaults:5)
  A two-headed ogre (Vaults:5)
  A deep elf archer (Elf:2)
  A jumping spider (Spider:3)
  A wind drake (shapeshifter) (Elf:2)
  5 humans (Shoals:1)
  A small abomination (Abyss:3)
  A quokka (D:14)
  2 bushes (Depths:3)
  33 fungi
  2 lurking horrors (Abyss:3)
  98 plants
  8 tentacles (Shoals:4)
157 creatures vanquished.

Grand Total: 2958 creatures vanquished

Notes
Turn   | Place    | Note
-------+----------+-------------------------------------------
     0 | D:1      | Gadfly the Gargoyle Fighter began the quest for the Orb.
     0 | D:1      | Reached XP level 1. HP: 14/14 MP: 1/1
   139 | D:1      | Reached XP level 2. HP: 19/19 MP: 2/2
   500 | D:1      | Reached skill level 1 in Invocations
   596 | D:1      | Reached skill level 1 in Evocations
   596 | D:1      | Reached XP level 3. HP: 23/23 MP: 3/3
  1032 | D:2      | Found a sacrificial altar of Ru.
  1141 | D:2      | Found a basalt altar of Yredelemnul.
  1467 | D:2      | Reached XP level 4. HP: 28/28 MP: 5/5
  1624 | D:3      | Found a glowing golden altar of the Shining One.
  1648 | D:3      | Became a worshipper of the Shining One
  1753 | D:3      | Noticed Ijyb
  1765 | D:3      | Killed Ijyb
  1850 | D:3      | Reached XP level 5. HP: 32/33 MP: 6/6
  1901 | D:3      | Noticed Sigmund
  1916 | D:3      | Killed Sigmund
  1917 | D:3      | Reached skill level 2 in Invocations
  1917 | D:3      | Reached XP level 6. HP: 18/38 MP: 6/8
  2276 | D:4      | Found a glowing drain.
  2311 | Sewer    | Entered a sewer
  2360 | Sewer    | Reached skill level 3 in Invocations
  2580 | Sewer    | Reached XP level 7. HP: 39/43 MP: 9/9
  2850 | Sewer    | Reached * piety under the Shining One
  2999 | Sewer    | Gained mutation: You have sharp toenails. [potion of
                  | mutation]
  2999 | Sewer    | Gained mutation: You have sharp fingernails. [potion of
                  | mutation]
  3090 | D:4      | Noticed Dowan
  3091 | D:4      | Noticed Duvessa
  3102 | D:4      | Killed Duvessa
  3110 | D:4      | Killed Dowan
  3168 | D:4      | Found a staircase to the Ecumenical Temple.
  3177 | Temple   | Entered the Ecumenical Temple
  3748 | D:4      | Found a white marble altar of Elyvilon.
  4094 | D:4      | Reached skill level 4 in Invocations
  4155 | D:5      | Entered Level 5 of the Dungeon
  4170 | D:5      | Noticed Edmund
  4183 | D:5      | Killed Edmund
  4184 | D:5      | Reached XP level 8. HP: 43/48 MP: 11/11
  4295 | D:5      | Noticed a troll
  4306 | D:5      | Killed a troll
  4518 | D:5      | Found Koxzi's Assorted Antiques.
  4528 | D:5      | Bought a scroll labelled OFRENT YMUGGYO for 28 gold pieces
  4556 | D:5      | Reached skill level 5 in Maces & Flails
  4698 | D:5      | Found a stormy altar of Qazlal.
  4923 | D:5      | Noticed Eustachio
  4928 | D:5      | Reached skill level 5 in Fighting
  4928 | D:5      | Reached skill level 5 in Armour
  4928 | D:5      | Reached skill level 5 in Invocations
  5182 | D:5      | Killed Eustachio
  5183 | D:5      | Reached skill level 5 in Shields
  5285 | D:5      | Found a shadowy altar of Dithmenos.
  5565 | D:6      | Reached XP level 9. HP: 45/54 MP: 13/13
  5570 | D:6      | Reached ** piety under the Shining One
  5928 | D:6      | Found Rut Qiun's Jewellery Boutique.
  5982 | D:6      | Reached skill level 5 in Evocations
  6001 | D:6      | Reached skill level 6 in Invocations
  6973 | D:6      | Found a bloodstained altar of Trog.
  7629 | D:7      | Reached XP level 10. HP: 60/60 MP: 15/15
  7665 | D:7      | Reached skill level 7 in Invocations
  7689 | D:7      | Found a broken altar of Ashenzari.
  7830 | D:7      | Found an ancient bone altar of Kikubaaqudgha.
  7870 | D:7      | Reached *** piety under the Shining One
  7947 | D:7      | Found a shadowy altar of Dithmenos.
  8418 | D:8      | Found a sand-covered staircase.
  8519 | Ossuary  | Entered an ossuary
  8634 | Ossuary  | Reached **** piety under the Shining One
  8681 | Ossuary  | Reached ***** piety under the Shining One
  9086 | D:8      | Found a glowing silver altar of Zin.
  9682 | D:8      | Lost mutation: You have sharp toenails. [potion of
                  | mutation]
  9682 | D:8      | Lost mutation: You have sharp fingernails. [potion of
                  | mutation]
  9682 | D:8      | Gained mutation: Scrolls take you a little longer to read.
                  | [potion of mutation]
  9682 | D:8      | Gained mutation: You possess an exceptional clarity of
                  | mind. [potion of mutation]
  9682 | D:8      | Gained mutation: You have large cloven feet. [potion of
                  | mutation]
  9683 | D:8      | Lost mutation: You possess an exceptional clarity of mind.
                  | [potion of mutation]
  9683 | D:8      | Lost mutation: Scrolls take you a little longer to read.
                  | [potion of mutation]
  9683 | D:8      | Gained mutation: You possess an exceptional clarity of
                  | mind. [potion of mutation]
  9683 | D:8      | Gained mutation: Your magical capacity is low. (-10% MP)
                  | [potion of mutation]
  9683 | D:8      | Gained mutation: You passively map a small area around you.
                  | [potion of mutation]
  9716 | D:9      | Noticed Pikel
  9727 | D:9      | Killed Pikel
  9783 | D:9      | Reached skill level 8 in Invocations
 10008 | D:9      | Found Duomo Qemn's Changing Room.
 10029 | D:9      | Noticed an eight-headed hydra
 10041 | D:9      | Killed an eight-headed hydra
 10042 | D:9      | Reached XP level 11. HP: 29/67 MP: 15/15
 10280 | D:8      | Got a polished spear
 10282 | D:8      | Identified the +9 spear of the Lame Duck {protect, rPois
                  | Dex+3} (You found it on level 8 of the Dungeon)
 10347 | D:9      | Found a staircase to the Lair.
 10497 | D:9      | Found a staircase to the Orcish Mines.
 10602 | D:9      | Found a roughly hewn altar of Beogh.
 10602 | D:9      | Reached ****** piety under the Shining One
 10858 | Lair:1   | Entered Level 1 of the Lair of Beasts
 10884 | Lair:1   | Noticed a six-headed hydra
 10898 | Lair:1   | Killed a six-headed hydra
 11197 | Lair:1   | Noticed an eight-headed hydra
 11205 | Lair:1   | Killed an eight-headed hydra
 11660 | Lair:1   | Reached skill level 9 in Invocations
 11897 | Lair:1   | Reached XP level 12. HP: 30/73 MP: 16/16
 12228 | Lair:1   | Noticed a six-headed hydra
 12237 | Lair:1   | Killed a six-headed hydra
 12306 | Lair:1   | Reached skill level 10 in Maces & Flails
 13568 | Lair:3   | Found a gate leading to a gauntlet.
 13579 | Gauntlet | Entered a Gauntlet
 13579 | Gauntlet | Found a transporter.
 13655 | Gauntlet | Found a transporter.
 13666 | Gauntlet | Noticed a ghost crab
 13671 | Gauntlet | Found a transporter.
 13675 | Gauntlet | Found a transporter.
 13693 | Gauntlet | Found a transporter.
 13697 | Gauntlet | Noticed a green death
 13706 | Gauntlet | Found a transporter.
 13708 | Gauntlet | Noticed a hell beast
 13719 | Gauntlet | Found a transporter.
 13739 | Gauntlet | Found a transporter.
 13743 | Gauntlet | Found a transporter.
 13743 | Gauntlet | Noticed a hell hog
 13751 | Gauntlet | Found a transporter.
 13773 | Gauntlet | Found a transporter.
 13777 | Gauntlet | Found a transporter.
 13870 | Gauntlet | Killed a ghost crab
 13926 | Gauntlet | Got a faintly glowing bronze amulet
 13937 | Gauntlet | Identified the amulet "Ominoam" {Faith Dex+4} (You found it
                  | in a Gauntlet)
 13950 | Gauntlet | Got a heavily runed granite ring
 13965 | Gauntlet | Killed a green death
 14068 | Gauntlet | Identified the ring "Udus Sih" {*Tele rF+ Dex+6} (You found
                  | it in a Gauntlet)
 14092 | Gauntlet | Noticed a minotaur
 14108 | Gauntlet | Killed a minotaur
 14113 | Gauntlet | Identified the Collected Works on Execration
 14115 | Gauntlet | Got a translucent falchion
 14116 | Gauntlet | Identified the +8 falchion "Gram" {drain, SInv Stlth+} (You
                  | found it in a Gauntlet)
 14264 | Lair:3   | Noticed a six-headed hydra
 14764 | Lair:2   | Killed a six-headed hydra
 14765 | Lair:2   | Reached skill level 10 in Invocations
 14765 | Lair:2   | Reached XP level 13. HP: 68/80 MP: 18/18
 16126 | Lair:4   | Found a hole to the Spider Nest.
 16794 | Lair:4   | Found a staircase to the Shoals.
 17326 | Lair:4   | Reached skill level 10 in Armour
 17506 | Lair:5   | Reached skill level 10 in Shields
 17624 | Lair:5   | Reached skill level 10 in Fighting
 17740 | Lair:5   | Gained mutation: Your large and strong wings let you fly
                  | indefinitely. [Gargoyle growth]
 17740 | Lair:5   | Reached XP level 14. HP: 46/88 MP: 19/19
 18129 | Lair:5   | Reached skill level 11 in Invocations
 18438 | Lair:5   | Learned a level 2 spell: Swiftness
 18874 | Lair:6   | Entered Level 6 of the Lair of Beasts
 19826 | Lair:6   | Found a staircase to the Slime Pits.
 21233 | Lair:6   | Reached skill level 10 in Evocations
 21245 | Lair:6   | Got a sparkling lead ring
 21253 | Lair:6   | Identified the ring of the Tempest {AC+4 Str+4} (You found
                  | it on level 6 of the Lair of Beasts)
 21563 | Orc:1    | Entered Level 1 of the Orcish Mines
 22634 | Orc:2    | Entered Level 2 of the Orcish Mines
 22664 | Orc:2    | Reached XP level 15. HP: 78/93 MP: 21/21
 22827 | Orc:2    | Found a staircase to the Elven Halls.
 22839 | Orc:2    | Noticed Nergalle
 22843 | Orc:2    | Noticed an orc warlord
 23177 | Orc:1    | Killed an orc warlord
 23432 | Orc:2    | Killed Nergalle
 24069 | Orc:1    | Found Apasaifife's Book Emporium.
 24126 | Orc:1    | Found a runed translucent door.
 24171 | Orc:1    | Noticed Diabellus's ghost (novice GrEE)
 24220 | Orc:1    | Killed Diabellus's ghost
 24435 | Orc:2    | Found a roughly hewn altar of Beogh.
 24566 | Orc:2    | Found Qexal's Antique Weapon Emporium.
 24591 | Orc:2    | Found Puiforre's Assorted Antiques.
 24619 | Orc:2    | Bought an embroidered hat for 161 gold pieces
 24737 | Orc:2    | Found Tado's Book Emporium.
 24753 | Orc:2    | Found Etwiplol's General Store.
 24760 | Orc:2    | Bought a scroll of blinking for 90 gold pieces
 24769 | Orc:2    | Found Qudauxet's Antique Armour Emporium.
 24913 | Orc:2    | Bought a runed plate armour for 728 gold pieces
 25004 | D:10     | Entered Level 10 of the Dungeon
 25053 | D:10     | Found a hide-covered altar of Uskayaw.
 25418 | D:10     | Reached skill level 12 in Invocations
 25589 | D:10     | Found a portal to a secret trove of treasure.
 26078 | D:11     | Noticed Snorg
 26095 | D:11     | Killed Snorg
 26224 | D:11     | Noticed Grum
 26252 | D:11     | Killed Grum
 29169 | D:14     | Reached XP level 16. HP: 101/101 MP: 22/22
 29264 | D:14     | Found a gate to the Vaults.
 29852 | D:14     | Found a white marble altar of Elyvilon.
 30188 | D:14     | Got a masterwork great mace
 30189 | D:14     | Identified the +4 great mace of Reapportionment {protect,
                  | rC- Int+5 Stlth+} (You found it on level 14 of the Dungeon)
 30397 | D:15     | Entered Level 15 of the Dungeon
 30726 | D:15     | Found a blossoming altar of Fedhas.
 31063 | D:15     | Found a staircase to the Depths.
 31129 | D:15     | Reached skill level 15 in Maces & Flails
 31698 | Shoals:1 | Entered Level 1 of the Shoals
 31938 | Lair:4   | HP: 3/101 [wind drake/the air (11)]
 32258 | Lair:4   | Reached skill level 13 in Invocations
 32723 | Orc:2    | Bought a runed flail for 169 gold pieces
 33233 | Shoals:1 | Noticed Kirke
 33261 | Shoals:1 | Killed Kirke
 33677 | Shoals:1 | Found a runed translucent gate.
 33677 | Shoals:1 | Found a runed translucent gate.
 33677 | Shoals:1 | Found a runed translucent gate.
 33680 | Shoals:1 | Found an opulent altar of Gozag.
 33681 | Shoals:1 | Noticed choppeddingle's ghost (journeyman DDFi)
 33836 | Shoals:1 | Found Luler's Assorted Antiques.
 33924 | Shoals:1 | Reached XP level 17. HP: 108/108 MP: 24/24
 35411 | Shoals:1 | Killed choppeddingle's ghost
 37622 | Shoals:3 | Found Duanuep's Island Escapes.
 37892 | Shoals:3 | Found a frozen archway.
 39743 | Shoals:4 | Entered Level 4 of the Shoals
 39898 | Shoals:4 | Identified a scroll of acquirement
 39904 | Shoals:3 | Acquired the +2 shield of Resistance {rF++ rC++ Will++}
 39905 | Shoals:3 | Found the +2 shield of Resistance {rF++ rC++ Will++}
 40284 | Shoals:4 | Reached XP level 18. HP: 114/114 MP: 25/25
 40385 | Shoals:4 | Learned a level 2 spell: Blink
 41262 | Shoals:4 | Reached skill level 14 in Invocations
 41559 | Shoals:4 | Got a vibrating bronze ring
 41560 | Shoals:4 | Identified the ring of Ucoaji {rPois rF+ rC+ Str+7} (You
                  | found it on level 4 of the Shoals)
 42393 | Shoals:4 | Got a barnacled rune of Zot
 42491 | Spider:1 | Entered Level 1 of the Spider Nest
 42778 | Spider:1 | Noticed Donald
 42790 | Spider:1 | Noticed Azrael
 43011 | Lair:4   | Cast into level 2 of the Abyss (Donald)
 43113 | Abyss:2  | Got a faintly glowing amber ring
 43168 | Abyss:2  | Got a pair of encrusted boots
 44130 | Abyss:3  | Identified the ring of Symmetry {rF++ Will+ Int+6 Stlth-}
                  | (You found it on level 2 of the Abyss)
 44131 | Abyss:3  | Identified the +2 pair of boots of Distant Worlds {Int+4}
                  | (You found it on level 2 of the Abyss)
 44424 | Abyss:3  | Found a corrupted altar of Lugonu.
 44478 | Lair:4   | Escaped the Abyss
 45148 | Lair:4   | Killed Donald
 45409 | Spider:1 | Killed Azrael
 46646 | Spider:2 | Reached XP level 19. HP: 97/120 MP: 26/26
 47146 | Spider:3 | Noticed Aizul
 47606 | Spider:2 | Killed Aizul
 48156 | Spider:3 | Found a runed translucent gate.
 48157 | Spider:3 | Found a runed translucent gate.
 48158 | Spider:3 | Found a runed translucent gate.
 48160 | Spider:3 | Noticed Sina Ilium's ghost (journeyman DrWn)
 49559 | Spider:3 | Got a shimmering marble ring
 49663 | Spider:3 | Killed Sina Ilium's ghost
 49727 | Spider:3 | Got a steaming flail
 49738 | Spider:3 | Identified the +5 flail of Ysent {drain, Str+4 Int-3} (You
                  | found it on level 3 of the Spider Nest)
 49741 | Spider:3 | Identified the ring of Aranonele {rF+ rC++} (You found it
                  | on level 3 of the Spider Nest)
 49746 | Spider:3 | Acquired a manual of Evocations
 49782 | Spider:4 | Entered Level 4 of the Spider Nest
 50262 | Spider:4 | Noticed Louise
 50300 | Spider:4 | Reached skill level 15 in Invocations
 50318 | Spider:4 | Killed Louise
 50462 | Spider:4 | Noticed Nikola
 50491 | Spider:4 | Killed Nikola
 51109 | Spider:4 | Reached XP level 20. HP: 91/128 MP: 28/28
 51485 | Spider:4 | Got a gossamer rune of Zot
 52102 | Elf:1    | Entered Level 1 of the Elven Halls
 52222 | Elf:1    | You are sucked into a shaft and drop 1 floor!
 52670 | Elf:2    | Reached skill level 15 in Armour
 52859 | Elf:2    | Reached skill level 15 in Shields
 52904 | Elf:2    | Found a runed translucent gate.
 52904 | Elf:2    | Found a runed translucent gate.
 52904 | Elf:2    | Found a runed translucent gate.
 52935 | Elf:2    | Got a crude mace
 52936 | Elf:2    | Identified the +7 mace of Reason {flame, Dex+7} (You found
                  | it on level 2 of the Elven Halls)
 53239 | Elf:1    | Found Kyettoomm's Weapon Emporium.
 53525 | Elf:1    | Reached skill level 15 in Fighting
 53763 | Elf:1    | Identified the Handbook of Summoning
 55258 | Elf:2    | Noticed a Tzitzimitl
 55924 | Elf:2    | Got a warped cloak
 55935 | Elf:2    | Identified the +3 cloak "Cidineig" {Dex+4} (You found it on
                  | level 2 of the Elven Halls)
 55986 | Elf:3    | Entered Level 3 of the Elven Halls
 56028 | Elf:3    | Reached skill level 16 in Invocations
 56076 | Elf:3    | Reached XP level 21. HP: 135/135 MP: 29/29
 57445 | Elf:3    | Identified the +5 rapier "Mauliewoiru" {venom, *Slow rF+++
                  | Int+4 Stlth+}
 57449 | Elf:3    | Identified the cursed +1 dagger of the Seer {antimagic, rF-
                  | Dex+6}
 57449 | Elf:3    | Identified the ring "Aniatsah" {AC+4 Int+8}
 57774 | Elf:3    | Identified the Tome of Earthen Evil Magic
 57787 | Elf:3    | Identified The Last Grimoire of the Prophet
 57791 | Elf:3    | Identified Asmodeus's Reference Book on Creative Flames
 57796 | Elf:3    | Learned a level 2 spell: Wereblood
 59022 | Vaults:1 | Entered Level 1 of the Vaults
 59815 | Vaults:1 | Found Xuro's Antique Weapon Shop.
 59826 | Vaults:1 | Reached XP level 22. HP: 143/143 MP: 30/30
 59847 | Vaults:1 | Bought a dazzling flail for 246 gold pieces
 59847 | Vaults:1 | Identified the +1 flail of Incongruity {protect, *Drain
                  | rElec Str+3 Int+2} (You bought it in a shop on level 1 of
                  | the Vaults)
 59995 | Vaults:1 | Found Pexy's Book Shop.
 60774 | Vaults:2 | Reached skill level 17 in Invocations
 61122 | Vaults:2 | Reached skill level 15 in Evocations
 61258 | Vaults:2 | You are sucked into a shaft and drop 2 floors!
 61969 | Vaults:2 | Found a staircase to the Crypt.
 62958 | Vaults:3 | Noticed Margery
 62970 | Vaults:3 | Killed Margery
 63413 | D:10     | You paid a toll of +4 ice dragon scales to enter a treasure
                  | trove
 63414 | Trove    | Entered a treasure trove
 63418 | Trove    | Found the +8 lance "Wyrmbane" {slay drac, rPois rF+ rC+
                  | AC+3}
 63430 | Trove    | Got an encrusted eveningstar
 63431 | Trove    | Identified the +2 eveningstar of Oclegof {vorpal, *Noise
                  | +Blink rC+++ Int-4} (You found it in a treasure trove)
 63604 | Trove    | Got a dazzling triple sword
 63605 | Trove    | Identified the +5 triple sword of Red False Accusations
                  | {flame, +Inv rElec SInv} (You found it in a treasure trove)
 64518 | Vaults:3 | Reached XP level 23. HP: 140/150 MP: 32/32
 64671 | Vaults:3 | Identified the +4 long sword "Cyedepte" {drain, +Rage rF-
                  | Will+}
 65218 | Vaults:3 | Got a pitted kite shield
 65219 | Vaults:3 | Identified the +5 kite shield of the Morning Star {+Blink
                  | Dex+5} (You found it on level 3 of the Vaults)
 66265 | Vaults:4 | Reached skill level 18 in Invocations
 66769 | Vaults:5 | Entered Level 5 of the Vaults
 66995 | Vaults:5 | Noticed a golden dragon
 67029 | Vaults:4 | Killed a golden dragon
 67308 | Vaults:5 | Reached XP level 24. HP: 145/157 MP: 32/32
 67527 | Vaults:5 | Identified the +3 glaive of Goolot Kuox {vorpal, Int+4}
 67895 | Vaults:5 | Identified the +3 morningstar of the Modern Leylines
                  | {freeze, +Blink rElec Stlth+}
 70573 | Vaults:5 | Reached skill level 19 in Invocations
 70670 | Vaults:5 | Reached XP level 25. HP: 161/164 MP: 32/32
 70986 | Vaults:5 | Identified the +1 robe of Joy {Str+3}
 71153 | Vaults:5 | Got a silver rune of Zot
 71958 | Slime:1  | Entered Level 1 of the Pits of Slime
 74139 | Depths:1 | Entered Level 1 of the Depths
 74231 | Depths:1 | Found a gateway to a ziggurat.
 74279 | Depths:1 | Found a magical portal.
 74291 | WizLab   | Entered Zonguldrok's Shrine
 74326 | WizLab   | Reached skill level 1 in Dodging
 74671 | WizLab   | Noticed an antique lich
 74678 | WizLab   | Killed an antique lich
 74759 | WizLab   | Found the +9 sword of Zonguldrok {reap}
 74795 | WizLab   | Identified the Compendium of Shifting Creation
 74797 | WizLab   | Identified Qeuskum's Handbook of Greatest Risks and Utility
 75031 | Depths:1 | Found a gateway to Hell.
 75548 | Depths:1 | Noticed Bai Suzhen
 75570 | Depths:1 | Killed Bai Suzhen
 75826 | D:10     | Learned a level 2 spell: Passwall
 77441 | Depths:2 | Reached XP level 26. HP: 168/172 MP: 33/33
 78095 | Depths:2 | Paralysed by a floating eye for 3 turns
 78105 | Depths:2 | Paralysed by a floating eye for 4 turns
 78112 | Depths:2 | Paralysed by a floating eye for 4 turns
 78118 | Depths:2 | Paralysed by a floating eye for 3 turns
 79604 | Depths:2 | Got a masterwork chain mail
 79615 | Depths:2 | Identified the +2 chain mail of Plasticity {Will+ Stlth+}
                  | (You found it on level 2 of the Depths)
 79631 | Depths:2 | Identified a +3 sacred scourge of holy wrath (a +1 demon
                  | whip of flaming blessed by the Shining One)
 79631 | Depths:2 | Received a gift from the Shining One
 79697 | Depths:3 | Found Uducigeg's Magic Scroll Boutique.
 79701 | Depths:3 | Bought a scroll of acquirement for 728 gold pieces
 79701 | Depths:3 | Acquired 520 gold pieces
 79708 | Depths:3 | Found a one-way gate leading to the halls of Pandemonium.
 79717 | Depths:3 | Noticed Asterion
 79908 | Depths:3 | Killed Asterion
 79909 | Depths:3 | Reached skill level 5 in Dodging
 80051 | Depths:3 | Reached skill level 20 in Invocations
 80462 | Depths:3 | Noticed a juggernaut
 80473 | Depths:3 | Killed a juggernaut
 80524 | Depths:3 | Found Nempilesa's Antique Armour Shop.
 80529 | Depths:3 | Found Baliygif's Magic Scroll Boutique.
 80531 | Depths:3 | Bought a pair of embroidered boots for 202 gold pieces
 80999 | Depths:3 | Reached XP level 27. HP: 173/179 MP: 33/33
 81954 | Depths:4 | Found a runed translucent door.
 81992 | Depths:4 | Found a runed translucent door.
 82013 | Depths:4 | Paralysed by a floating eye for 4 turns
 82023 | Depths:4 | Paralysed by a floating eye for 3 turns
 82030 | Depths:4 | Paralysed by a floating eye for 4 turns
 82043 | Depths:4 | Paralysed by a floating eye for 3 turns
 82057 | Depths:4 | Paralysed by a floating eye for 2 turns
 82406 | Depths:4 | Noticed a juggernaut
 82410 | Depths:4 | Found a runed translucent door.
 82416 | Depths:4 | Found a burning altar of Makhleb.
 82423 | Depths:4 | Got a bound platinum ring
 82424 | Depths:4 | Identified the ring "Ekuch" {+Blink Will+++ rCorr Str-5
                  | Slay+5} (You found it on level 4 of the Depths)
 82723 | Depths:4 | Found a one-way gate to the infinite horrors of the Abyss.
 82803 | Depths:4 | Got a shimmering demon trident
 82804 | Depths:4 | Identified the +9 demon trident "Eraym" {drain, rN+} (You
                  | found it on level 4 of the Depths)
 82865 | Depths:5 | Entered Level 5 of the Depths
 83409 | Depths:5 | Found a large runed translucent door.
 83410 | Depths:5 | Found a large runed translucent door.
 83412 | Depths:5 | Noticed Dameikh's ghost (veteran FoFi)
 83445 | Depths:5 | Killed Dameikh's ghost
 84432 | Depths:5 | Found a gate to the Realm of Zot.
 84770 | Zot:1    | Entered Level 1 of the Realm of Zot
 85046 | Zot:1    | Reached skill level 21 in Invocations
 86575 | Zot:1    | You are sucked into a shaft and drop 1 floor!
 87560 | Zot:2    | Found a runed translucent gate.
 87561 | Zot:2    | Found a runed translucent gate.
 87562 | Zot:2    | Found a runed translucent gate.
 87563 | Zot:2    | Noticed Per Qanud's ghost (legendary GnSk)
 87756 | Zot:2    | Got a distressingly furry plate armour
 87767 | Zot:2    | Identified the +4 plate armour of the Shining Light {+Inv
                  | rF+ rC+} (You found it on level 2 of the Realm of Zot)
 88690 | Zot:2    | Killed Per Qanud's ghost
 89541 | Zot:4    | Noticed an orb of fire
 89551 | Zot:4    | Gained mutation: You do not regenerate when monsters are
                  | visible. [an orb of fire]
 89554 | Zot:4    | Killed an orb of fire
 90444 | Zot:5    | Entered Level 5 of the Realm of Zot
 90868 | Zot:5    | Noticed an ancient lich
 90869 | Zot:5    | Noticed an ancient lich
 90887 | Zot:5    | Killed an ancient lich
 90902 | Zot:5    | Killed an ancient lich
 90992 | Zot:5    | Noticed an orb of fire
 91030 | Zot:5    | Reached skill level 22 in Invocations
 91053 | Zot:5    | HP: 9/184 [Killer Klown/klown pie (35)]
 91055 | Zot:5    | HP: 3/184 [Killer Klown/+8 club of freezing (9)]
 91059 | Zot:5    | The Shining One protects you from harm!
 91061 | Zot:5    | HP: 1/184 [Killer Klown/+8 club of freezing (2)]
 91067 | Zot:5    | Slain by a Killer Klown

Illustrated notes

Levels and vault maps discovered:
D:1:      dpeg_arrival_oval, layout_rooms, serial_rivers,
          chequers_serial_rivers_large_a, chequers_serial_rivers_small_b,
          chequers_serial_rivers_large_b, chequers_serial_rivers_micro_e,
          chequers_serial_rivers_room_a
D:2:      layout_basic, lemuel_doored_altar, old_standard_altar
D:3:      layout_rooms, overflow_temple_1_default, minmay_misc_feat_alley,
          uniq_ijyb, uniq_sigmund
D:4:      layout_gridville, lemuel_crystal_altar, temple_statues,
          portal_sewer_entry_b, kennysheep_crisscross,
          kennysheep_decorative_pillar, uniq_duvessa
D:5:      layout_basic, grunt_dithmenos_shadows, grunt_qazlal_clouds,
          serial_shops, nicolae_shop_crystal, minmay_misc_feat_secret_circle,
          uniq_edmund, uniq_eustachio
D:6:      kennysheep_housing_project, layout_loops_corners,
          lemuel_crystal_altar, serial_shops, shop, minivault_5,
          lightli_corner_chamber
D:7:      layout_loops_cross, kiku_gazebo_pond_becter, kennysheep_mini_moat,
          lemuel_altar_in_water
D:8:      layout_rooms, zin_scriptorium, enter_ossuary_3, disabler_island
D:9:      layout_irregular_city, grunt_lair_entry_orc_guard_hut,
          minmay_orc_entry_temple_small, nicolae_transmutations_shop,
          grunt_ministairs_2, minivault_23, uniq_pikel
D:10:     layout_gridville, basic_altar, enter_trove_5,
          onia_ninara_dug_in_and_dangerous
D:11:     layout_basic, uniq_snorg, uniq_grum
D:12:     layout_basic, minmay_misc_feat_five, kb_lookout_dungeons_type
D:13:     layout_irregular_city
D:14:     layout_long_grid, skrybe_vaults_entry_preservation, elyvilon_altar_4
D:15:     grunt_enter_depths_magical_seal, layout_gridville, dk_noncrumbling_3,
          fedhas_altar_1
Temple:   minmay_temple_forest_path
Lair:1:   layout_chaotic_city, beast_lair_carwin_1
Lair:2:   layout_misc_corridors, lemuel_old_faithful, lemuel_fruit_tree
Lair:3:   layout_misc_corridors, gauntlet_entry_generic
Lair:4:   layout_cellular_growth, shoals_dummy_entry, spider_nest_entry_a,
          grunt_megastairs_1
Lair:5:   layout_cave_pods, eino_house_with_fridge
Lair:6:   evilmike_catoblepas_cave, layout_loops_ring, dpeg_slime_entry_corner,
          lemuel_fruit_fields, grunt_megastairs_2, lemuel_fruit_fields,
          lemuel_fruit_fields
Shoals:1: layout_shoals, ebering_ghost_gozag, uniq_kirke
Shoals:2: layout_shoals
Shoals:3: layout_shoals, portal_ice_cave_entry_ice_statue_two,
          nicolae_island_escapes
Shoals:4: shoals_end_simple, layout_shoals, yaktaur_hedge
Spider:1: layout_spider_delve, drop_trap, uniq_donald, uniq_azrael
Spider:2: layout_spider_delve, drop_trap, nicolae_orb_stairs
Spider:3: spiders_nest_a, gammafunk_ghost_necromancy, drop_trap,
          einodemon_crawler_minivault, uniq_aizul
Spider:4: guppyfry_spider_rune, guppyfry_hornet_nest, uniq_nikola, uniq_louise
Slime:1:  layout_caves, cheibrodos_slime_lost_civilization_4
Orc:1:    nicolae_orc_accident_3, layout_diamond_mine,
          ebering_ghost_reflecting_pool, serial_shops, shop
Orc:2:    grunt_orc_cross, layout_caves, serial_shops, nicolae_shop_stone
Elf:1:    eino_elf_arrival_customs, layout_geoelf_octagon, serial_shops, shop,
          minmay_elf_demonology, onia_ninara_cookie
Elf:2:    layout_loops_cross, amethyst_killhole, st_stairs_11,
          hangedman_elven_pyramids, lemuel_flame_loot_1
Elf:3:    minmay_elf_hall_circle, layout_gridlike, grunt_ministairs_14
Vaults:1: vaults_room_fours, v_misc_18, v_misc_23, hangedman_vaults_capsules,
          vaults_dpeg_encased_lava, ontoclasm_vaults_shuriken, vaults_dpeg_ring,
          serial_ice_h, layout_vaults_chaotic_city, serial_shops, shop,
          shop_fountains
Vaults:2: vaults_mumra_hexcomb, v_rooms_1, v_misc_1, vaults_room_fours,
          vaults_mumra_chevron, minmay_crypt_entry_simple_walls,
          grunt_vaults_trifunnel, st_smaller_cells, vaults_room_pool,
          v_pattern_4, ontoclasm_vaults_ring_small, layout_vaults_omnicross
Vaults:3: vaults_room_door_ring, nicolae_vaults_network_quinsquares
          [nicolae_vaults_network_quincunx_subvault,
          nicolae_vaults_network_quincunx_subvault,
          nicolae_vaults_network_quincunx_subvault,
          nicolae_vaults_network_quincunx_subvault], v_misc_4, v_rooms_5,
          st_eye, nicolae_vaults_bisected_slash, vaults_room_fours, v_misc_26,
          nicolae_vaults_little_ls, layout_vaults_quadrants, uniq_margery
Vaults:4: grunt_vaults_twisty, v_pattern_5, vaults_room_large_hall,
          nicolae_vaults_network_square, hangedman_vaults_restitches,
          vaults_dpeg_doors, hangedman_vaults_locks, hangedman_vaults_stagger,
          hangedman_vaults_impose, vaults_dpeg_hooks, v_misc_14,
          ontoclasm_vaults_fault, vaults_room_octagon, layout_vaults_ring
Vaults:5: serial_shops
Depths:1: layout_cave_shapes, enter_ziggurat_a, pf_hell_entry_great_geh,
          special_room [special_room_jelly], corexii_hall_statues_l,
          infiniplex_enter_wizlab_spiral, nicolae_benzene_ring,
          minmay_misc_feat_room, hangedman_decor_push, uniq_bai_suzhen
Depths:2: minmay_ornate_pinched, layout_honeycomb, nicolae_water_bricks,
          lightli_too_deep, hex_tiny, infiniplex_staircase_pillars_3b,
          serial_bayou_shore_b
Depths:3: minmay_two_paths, layout_basic, kennysheep_cross_room, pan_entry,
          serial_shops, shop, pf_coc_iceberg, minmay_hedge_maze,
          minmay_shoptagon, minmay_staircase_bubble, uniq_asterion
Depths:4: minmay_the_grid_four_pointed_star_mashed
          [minmay_the_grid_triangle_9x9_zippers_vertical,
          minmay_the_grid_triangle_9x9_fully_insulated_deathbox,
          minmay_the_grid_triangle_9x9_shrine,
          minmay_the_grid_triangle_9x9_zippers_horizontal,
          minmay_the_grid_prize_big_room], layout_basic, hangedman_glass_teeth,
          hellmouth_1, abyss_entry, grunt_ministairs_15
Depths:5: evilmike_zot_entry_diamond, layout_cave_shapes,
          ebering_ghost_disaster_area, abyss_entry,
          hangedman_abyss_or_decor_jellyfish_corner, hell_entry
Zot:1:    grunt_zot_stairs_faceoff, layout_twisted_circle
Zot:2:    layout_cellular_growth, ebering_ghost_rock_garden
Zot:3:    layout_basic, skrybe_zot_glass_2
Zot:4:    layout_twisted_circle
Zot:5:    layout_gridlike

Skill      XL: |  1  2  3  4  5  6  7  8  9 10 11 12 13 14 15 16 17 18 19 20 21 22 23 24 25 26 27 |
---------------+----------------------------------------------------------------------------------+-----
Invocations    | 1 2 3 4 5 6 8 9 10 11 12 13 14 15 16 17 18 19 20 22 | 22.0
Evocations     | 1 2 3 4 5 6 7 8 9 10 11 12 13 14 15 17 18 20 | 20.0
Fighting       | 4 5 6 7 8 9 10 11 12 13 14 15 16 17 18 19 20 21 | 21.7
Maces & Flails | 3 4 5 6 8 9 11 12 13 14 15 16 17 18 19 20 | 20.7
Armour         | 4 5 6 7 8 9 10 11 12 13 14 15 16 17 18 19 20 21 | 21.9
Shields        | 4 5 6 7 8 9 10 11 12 13 14 15 16 17 18 19 20 21 | 21.8
Dodging        | 3 5 |  5.6

Action                   |  1- 3 |  4- 6 |  7- 9 | 10-12 | 13-15 | 16-18 | 19-21 | 22-24 | 25-27 || total
-------------------------+-------+-------+-------+-------+-------+-------+-------+-------+-------++-------
Melee: Flail             |   139 |   148 |   341 |   165 |       |   225 |    29 |       |       ||  1047
       Trident           |       |       |    70 |    92 |       |       |       |       |       ||   162
       Whip              |       |       |       |   494 |  2135 |  2466 |  2143 |       |       ||  7238
       Mace              |       |       |       |       |       |       |    49 |       |       ||    49
       Eveningstar       |       |       |       |       |       |       |   588 |  1572 |  2641 ||  4801
       Sacred scourge    |       |       |       |       |       |       |       |       |    22 ||    22
Invok: Divine Shield     |       |       |       |       |       |       |     1 |       |       ||     1
       Summon Divine War |       |       |       |       |       |       |     1 |       |       ||     1
       Brand Weapon With |       |       |       |       |       |       |       |       |     1 ||     1
 Abil: Fly               |       |       |       |       |     1 |     2 |       |       |       ||     3
       Stop Flying       |       |       |       |       |       |     2 |       |       |       ||     2
Evoke: Wand              |       |       |     5 |     3 |    21 |    26 |     2 |       |    10 ||    67
  Use: Scroll            |     7 |     3 |     7 |    11 |     4 |    15 |     7 |     9 |    26 ||    89
       Potion            |     3 |       |     4 |     4 |       |     1 |       |     1 |     3 ||    16
Armor: Scale mail        |    73 |    95 |   179 |       |       |       |       |       |       ||   347
       Plate armour      |       |       |    67 |   585 |   643 |  1121 |  1481 |   902 |   964 ||  5763
       Gold dragon scale |       |       |       |       |       |       |       |       |   518 ||   518
Dodge: Dodged            |    53 |    45 |   102 |   155 |   236 |   382 |   511 |   270 |   586 ||  2340
       Repelled          |       |       |       |       |       |    13 |     9 |       |       ||    22
Block: Kite shield       |    78 |    79 |   225 |   381 |  1244 |  2020 |  2600 |  1580 |  2404 || 10611
       Reflection        |       |       |       |       |    65 |   129 |    80 |   143 |    89 ||   506
